 Dungeon Crawl Stone Soup version 0.16-a0-148-g3b84123 (webtiles) character file.

46 Rationalist the Bolt Thrower (level 3, 0/28 HPs)
             Began as a Centaur Hunter on Aug 15, 2014.
             Slain by a gnoll
             ... wielding a +2 halberd of venom
              (10 damage)
             ... on Level 3 of the Dungeon.
             The game lasted 00:03:24 (1815 turns).

Rationalist the Bolt Thrower (Centaur Hunter)       Turns: 1815, Time: 00:03:24

HP   0/28        AC  4     Str 14      XL: 3   Next: 44%
MP   3/3         EV  9     Int 10      God:
Gold 79          SH  0     Dex 10      Spells:  0 memorised,  2 levels left

rFire  . . .     SeeInvis .     k - +2 short sword (drain)
rCold  . . .     Clarity  .     d - +0 leather armour
rNeg   . . .     rCorr    .     (no shield)
rPois  .         rRot     .     (no helmet)
rElec  .         Spirit   .     (no cloak)
SustAb .         Warding  .     (no gloves)
rMut   .         Stasis   .     (no barding)
Gourm  .                        t - amulet of rage
MR     +....                    (no ring)
                                e - ring of protection from magic

@: very quick, somewhat resistant to hostile enchantments, very unstealthy
A: hooves 3, deformed body, speed 2, tough skin 3
a: Evoke Berserk Rage


You were on level 3 of the Dungeon.
You were not hungry.

You visited 1 branch of the dungeon, and saw 3 of its levels.

You collected 79 gold pieces.

Inventory:

Hand weapons
 b - a +2 hand crossbow
 k - a +2 short sword of draining (weapon)
Missiles
 a - 12 arrows
 c - 39 bolts
Armour
 d - a +0 leather armour (worn)
Comestibles
 f - a bread ration
 l - 2 beef jerkies
Scrolls
 j - a scroll of recharging {unknown}
 n - a scroll of immolation {unknown}
 o - a scroll of remove curse
 p - a scroll of amnesia
 s - a scroll of magic mapping {unknown}
 x - a scroll of random uselessness {unknown}
Jewellery
 e - a ring of protection from magic (left hand)
 t - an amulet of rage (around neck)
Potions
 g - a potion of brilliance {unknown}
 h - 2 potions of agility {unknown}
 i - 2 potions of curing {unknown}
 m - a potion of heal wounds {unknown}
 r - a potion of cancellation {unknown}
 u - a potion of might {unknown}
 v - a potion of degeneration {unknown}
 w - a potion of poison {unknown}


   Skills:
 + Level 1.1 Fighting
 + Level 0.6 Short Blades
 + Level 5.1 Crossbows
 + Level 0.5 Armour
 + Level 1.8 Dodging
 + Level 0.5 Stealth


You had 2 spell levels left.
You didn't know any spells.

Dungeon Overview and Level Annotations

Branches:
Dungeon (3/15)

Altars:
Xom


Innate Abilities, Weirdness & Mutations

You have hooves in place of feet.
Armour fits poorly on your strangely shaped body.
You cover ground very quickly.
You have extremely tough skin (AC +3).


Message History

The gnoll closely misses you.
The orc wizard moves out of view.
Things that are here:
a dagger; a short sword; an orc corpse The orc hits you but does no damage.
The orc priest's eyes start to glow.
The orc hits you with a hand axe. The orc hits you but does no damage.
Unknown command.
Read which item? (? for menu, Esc to quit)
As you read the scroll of fog, it crumbles to dust.
The scroll dissolves into smoke.
The rat bites you.
You barely miss the orc. Your kick misses the orc.
The orc hits you but does no damage. The orc hits you with a war axe.
The rat completely misses you.
An orc wizard comes into view. It is wielding a runed dagger.
The gnoll barely misses you. The gnoll barely misses you. The gnoll hits you!
The orc complains repeatedly, as Orcs often do.
The gnoll hits you from afar with a glowing halberd!
You die...

..........###
........... ## .o
#....# ...# #.
#....# ....
#.##..§§# ##..#
#..ggoo§###...#
....o..###gg§r.##..#
...##.###..o#.....#
. ........@##....#
###.###.......## ..
##.......### .
#.........#
####...##.#
##.....######
#.#.....>..#
..##.......#
..######....#


You could see an orc priest, 3 gnolls, 2 orcs, a hobgoblin and a rat.

Vanquished Creatures
  An adder (D:3)
  A worm (D:2)
  2 orcs (D:3)
  5 bats
  3 giant cockroaches
  7 goblins
  2 hobgoblins
  2 kobolds (D:1)
  A ball python (D:1)
  A giant newt (D:2)
  3 rats (D:1)
28 creatures vanquished.

Notes
Turn   | Place    | Note
--------------------------------------------------------------
     0 | D:1      | Rationalist, the Centaur Hunter, began the quest for the Orb.
     0 | D:1      | Reached XP level 1. HP: 16/16 MP: 1/1
   941 | D:1      | Reached XP level 2. HP: 18/23 MP: 2/2
  1077 | D:1      | Reached skill level 5 in Crossbows
  1271 | D:2      | Found a shimmering altar of Xom.
  1524 | D:2      | Reached XP level 3. HP: 24/28 MP: 3/3
  1815 | D:3      | Slain by a gnoll

Action                   || total
-------------------------++-------
Melee: Hand axe          ||    37
       Short sword       ||    51
  Use: Scroll            ||     7
  Eat: Chunk             ||     2
